 Dungeon Crawl Stone Soup version 0.30-a0-313-gae38170b09 (webtiles) character file.

Game seed: 1172143129798749112

1507 greasedhog the Shooter (level 8, -5/49 HPs)
             Began as a Gargoyle Hexslinger on Oct 26, 2022.
             Slain by a hornet (6 damage)
             ... on level 6 of the Dungeon.
             The game lasted 00:13:54 (6430 turns).

greasedhog the Shooter (Gargoyle Hexslinger)        Turns: 6430, Time: 00:13:55

Health: -5/49      AC: 16    Str: 10    XL:     8   Next: 82%
Magic:  12/12      EV: 12    Int: 13    God:
Gold:   369        SH:  0    Dex: 16    Spells: 7/12 levels left

rFire   . . .      SeeInvis .    b - +3 rapier "Jiemofimn" {vorpal, +Blink Int+3 Dex+4}
rCold   + + +      Faith    .    (no shield)
rNeg    + + .      Spirit   .    y - +3 leather armour
rPois   ∞          Reflect  .    o - +0 helmet
rElec   +          Harm     .    q - +2 cloak
rCorr   +          Rampage  .    (no gloves)
Will    .....                    (no boots)
Stlth   +.........               (no amulet)
HPRegen 0.28/turn                C - ring of flight
MPRegen 0.13/turn                m - ring of the Six Queens {rC+++ rN+ rCorr Str-3 Int-5}

@: mighty, flying
A: sickness immunity, AC +5, negative energy resistance 1, electricity
resistance, torment resistance 1, petrification resistance
a: Evoke Blink


You were on level 6 of the Dungeon.
You visited 1 branch of the dungeon, and saw 6 of its levels.
You also visited: Sewer.

You collected 369 gold pieces.

Inventory:

Hand Weapons
 a - a +0 shortbow of draining
 b - the +3 rapier "Jiemofimn" (weapon) {vorpal, +Blink Int+3 Dex+4}
   (You found it in a sewer)

   It inflicts extra damage upon your enemies.
   Int:       It affects your intelligence (+3).
   Dex:       It affects your dexterity (+4).
   +Blink:    It lets you blink.
Missiles
 v - a throwing net
Armour
 o - a +0 helmet (worn)
 q - a +2 cloak (worn)
 y - a +3 leather armour (worn)
Jewellery
 m - the ring of the Six Queens (right hand) {rC+++ rN+ rCorr Str-3 Int-5}
   (You acquired it on level 3 of the Dungeon)

   [ring of positive energy]

   Str:       It affects your strength (-3).
   Int:       It affects your intelligence (-5).
   rC:        It renders you almost immune to cold.
   rN:        It protects you from negative energy.
   rCorr:     It protects you from acid and corrosion.
 n - a ring of magical power
 z - the ring of Lecyeth {Ice Str+2}
   (You took it off an orc wizard on level 5 of the Dungeon)

   [ring of ice]

   It enhances your ice magic.
   Str:       It affects your strength (+2).
   rF:        It makes you vulnerable to fire.
   rC:        It protects you from cold.
 B - an amulet of guardian spirit
 C - a ring of flight (left hand)
Wands
 u - a wand of flame (11)
Scrolls
 g - a scroll of enchant weapon {unknown}
 h - a scroll of fear {unknown}
 i - a scroll of noise {unknown}
 k - 3 scrolls of vulnerability
 l - a scroll of enchant armour
 p - 3 scrolls of blinking
 r - 3 scrolls of teleportation
 x - 2 scrolls of fog
Potions
 c - a potion of flight {unknown}
 d - 2 potions of haste
 e - 2 potions of degeneration
 f - a potion of might
 j - a potion of attraction
 s - 4 potions of curing
 t - a potion of mutation {unknown}
 w - a potion of brilliance {unknown}
 E - 2 potions of ambrosia {unknown}


   Skills:
 - Level 5.1 Fighting
 * Level 6.1 Ranged Weapons
 - Level 5.3 Armour
 * Level 3.3 Dodging
 * Level 2.7 Spellcasting
 + Level 3.9 Hexes


You had 7 spell levels left.
You knew the following spells:

 Your Spells              Type           Power      Damage    Failure   Level
a - Slow                  Hex            48%        N/A       6%          1
b - Apportation           Tloc           2%         N/A       30%         1
c - Tukima's Dance        Hex            12%        N/A       19%         3

Your spell library contained the following spells:

 Spells                   Type           Power      Damage    Failure   Level
 Freeze                   Ice            4%         1d3       30%         1
 Dazzling Flash           Conj/Hex       12%        N/A       38%         3
 Inner Flame              Hex/Fire       6%         N/A       38%         3
 Portal Projectile        Hex/Tloc       12%        N/A       38%         3
 Cause Fear               Hex            6%         N/A       52%         4
 Frozen Ramparts          Ice            2%         1d1       67%         3
 Hailstorm                Conj/Ice       1%         3d3       67%         3
 Ice Form                 Ice/Tmut       1%         N/A       97%         4
 Iskenderun's Mystic Bla  Conj/Tloc      1%         2d3       97%         4
 Summon Ice Beast         Ice/Summ       1%         N/A       97%         4
 Alistair's Intoxication  Tmut/Pois      0%         N/A       100%        5
 Blade Hands              Tmut           0%         N/A       100%        5
 Starburst                Conj/Fire      0%         6d3       100%        6
 Dragon Form              Tmut           0%         N/A       100%        7
 Dragon's Call            Summ           0%         N/A       100%        9


Dungeon Overview and Level Annotations

Branches:
Dungeon (6/15)             Temple (0/1) D:6           Sewer (visited)

Altars:
Xom

Annotations:
D:3 1 runed translucent door, purpskrrrp's ghost, amateur BaHu


Innate Abilities, Weirdness & Mutations

You are immune to sickness and miasma.
Your stone body is resilient. (AC +5)
You are immune to poison.
You resist negative energy. (rN+)
You are resistant to electric shocks. (rElec)
You are resistant to unholy torment.
You are immune to petrification.


Message History

Aiming: Slow (safe; 8% risk of failure)
Press: ? - help, Shift-Dir - straight line, f/p - hornet
Aim: a hornet (chance to affect: 34%)
The hornet easily resists.
Unknown command.
Fire: a) +0 shortbow (drain)
Press: ? - help, Q - select action, (/) - cycle Shift-Dir - straight line, f/p - hornet
Aim: a hornet (50% to hit)
You shoot an arrow. The arrow misses the hornet.
The hornet stings you!
Unknown command.
Fire: a) +0 shortbow (drain)
Press: ? - help, Q - select action, (/) - cycle Shift-Dir - straight line, f/p - hornet
Aim: a hornet (50% to hit)
You shoot an arrow. The arrow barely misses the hornet.
The hornet stings you! The hornet barely misses you.
Unknown command.
You feel clever.
You feel agile.
b - the +3 rapier "Jiemofimn" (weapon)
{vorpal, +Blink Int+3 Dex+4} The hornet stings you.
You hit the hornet.
The hornet is moderately wounded.
The hornet closely misses you. The hornet stings you.
You feel very mighty all of a sudden.
The hornet stings you but does no damage.
You puncture the hornet!
The hornet is heavily wounded.
The hornet misses you.
The hornet stings you but does no damage.
You hit the hornet.
The hornet is severely wounded.
The hornet stings you!
* * * LOW HITPOINT WARNING * * *
The hornet stings you!
* * * LOW HITPOINT WARNING * * *
You hit the hornet but do no damage.
The hornet is severely wounded.
The hornet stings you but does no damage.
The hornet stings you.
You die...

#....#. ###+.>.+ #>...+.
.........####### #....#.
##.⌠.⌠.⌠.......###....+.
...8.8.8.......>##....#.
......................
#... ######.########.
#####.y#######.########.
.......@................
########################


You could see a hornet.

Vanquished Creatures
  2 water moccasins (D:6)
  An ogre (D:4)
  A centaur (D:6)
  A phantom (D:4)
  2 bullfrogs (Sewer)
  A necrophage (D:5)
  A wight (D:6)
  2 scorpions
  A howler monkey (D:5)
  2 hounds (D:4)
  3 jellies
  4 orc priests
  3 orc wizards
  2 iguanas
  9 adders
  A white imp (D:6)
  3 worms
  5 dart slugs
  22 orcs
  18 ball pythons
  5 bats
  17 endoplasms
  7 giant cockroaches
  3 goblins
  7 hobgoblins
  3 jackals (D:5)
  13 quokkas
  15 frilled lizards
  10 kobolds
  7 rats
171 creatures vanquished.

Vanquished Creatures (others)
  An orc wizard (D:5)
1 creature vanquished.

Grand Total: 172 creatures vanquished

Notes
Turn   | Place    | Note
-------+----------+-------------------------------------------
     0 | D:1      | greasedhog the Gargoyle Hexslinger began the quest for the
                  | Orb.
     0 | D:1      | Reached XP level 1. HP: 12/12 MP: 2/2
    77 | D:1      | Reached XP level 2. HP: 16/16 MP: 3/3
    82 | D:1      | Reached skill level 1 in Armour
   287 | D:1      | Reached XP level 3. HP: 15/21 MP: 4/4
   769 | D:2      | You fall into a shaft and drop 2 floors!
   794 | D:3      | Found a faded altar of an unknown god.
  1132 | D:2      | Reached XP level 4. HP: 26/27 MP: 5/5
  1139 | D:2      | Reached skill level 3 in Ranged Weapons
  1806 | D:3      | Reached XP level 5. HP: 14/32 MP: 6/6
  1987 | D:3      | Identified a scroll of acquirement
  1991 | D:3      | Acquired the ring of the Six Queens {rC+++ rN+ rCorr Str-3
                  | Int-5}
  2102 | D:3      | Found a shimmering altar of Xom.
  2219 | D:3      | Found a runed translucent door.
  2220 | D:3      | Noticed purpskrrrp's ghost (amateur BaHu)
  3330 | D:5      | Entered Level 5 of the Dungeon
  3344 | D:5      | Noticed an ogre
  3443 | D:5      | Reached XP level 6. HP: 38/38 MP: 7/7
  3613 | D:4      | Reached skill level 4 in Ranged Weapons
  3849 | D:5      | HP: 1/38 [orc priest/+0 hand axe (4)]
  4153 | D:5      | Learned a level 1 spell: Apportation
  4168 | D:5      | Reached XP level 7. HP: 32/44 MP: 8/8
  4357 | D:5      | Identified the ring of Lecyeth {Ice Str+2}
  4885 | D:5      | Reached skill level 5 in Fighting
  4889 | D:5      | Learned a level 3 spell: Tukima's Dance
  5129 | D:5      | Reached skill level 5 in Ranged Weapons
  5552 | D:5      | Reached skill level 5 in Armour
  5681 | D:6      | Reached XP level 8. HP: 17/49 MP: 9/9
  5754 | D:6      | Found a glowing drain.
  5777 | Sewer    | Entered a sewer
  6097 | Sewer    | Identified the +3 rapier "Jiemofimn" {vorpal, +Blink Int+3
                  | Dex+4}
  6316 | D:6      | Reached skill level 6 in Ranged Weapons
  6418 | D:6      | Found a staircase to the Ecumenical Temple.
  6418 | D:6      | Noticed a hornet
  6429 | D:6      | HP: 1/49 [hornet (12)]
  6430 | D:6      | Slain by a hornet

Illustrated notes

Levels and vault maps discovered:
D:1:      denvon_arrival_hothouse, layout_basic, minivault_23,
          supply_closet_lemuel, corexii_leaking_fountain
D:2:      layout_rooms, hangedman_decor_opposing, minmay_increasing_density
D:3:      layout_loops_ring, lemuel_round_altar, ebering_ghost_sewer_d,
          basic_ecumenical_altar, chequers_serial_rivers_micro_c
D:4:      nicolae_cairo_tiling_large_dashed, layout_basic, serial_glass,
          glass_columns_b, glass_columns_a, due_unseen_surprise,
          item_on_display_a, minmay_strange_pillars, minivault_5
D:5:      layout_basic, hangedman_decor_lopped, hex_medium, grunt_ministairs_8,
          corexii_item_surrounded_by_moat
D:6:      layout_basic, nzn_hepliaklqana_mist_gate,
          minmay_temple_entry_drinking_statues, portal_sewer_entry_f,
          minivault_1, hangedman_minor_gate_pass, uniq_maggie

Skill      XL: |  1  2  3  4  5  6  7  8 |
---------------+-------------------------+-----
Armour         | 1 2 3 4 5 |  5.3
Fighting       | 2 3 4 5 |  5.1
Ranged Weapons | 3 4 5 6 |  6.1
Hexes          | 3 |  3.9
Dodging        | 2 3 |  3.3
Spellcasting   | 2 |  2.7

Action                   |  1- 3 |  4- 6 |  7- 9 || total
-------------------------+-------+-------+-------++-------
Melee: Mace              |       |    28 |     8 ||    36
       Sling             |       |     4 |       ||     4
       Punch             |       |     1 |     1 ||     2
       Dagger            |       |       |   144 ||   144
       Rapier            |       |       |    14 ||    14
 Fire: Sling             |   133 |   251 |   288 ||   672
       Shortbow          |       |       |    28 ||    28
 Cast: Slow              |     2 |     7 |     6 ||    15
       Apportation       |       |     1 |       ||     1
Evoke: Wand              |       |     5 |       ||     5
  Use: Scroll            |     2 |     4 |     2 ||     8
       Potion            |       |     8 |     1 ||     9
Armor: Robe              |    28 |    51 |       ||    79
       Leather armour    |       |    56 |   262 ||   318
Dodge: Dodged            |    40 |   108 |   273 ||   421

Table legend: (Time is in decaauts)
 A = Elapsed time spent in this place.
 B = Non-inter-level travel time spent in this place.
 C = Inter-level travel time spent in this place.
 D = Time resting spent in this place.
 E = Time spent auto-exploring this place.
 F = Levels seen in this place.
 G = Mean time per level.
                   A        B        C        D        E       F      G
               +--------+--------+--------+--------+--------+-----+--------+
         Total |   6643 |   6426 |    217 |   1053 |   3432 |   7 |  949.0 |
       Dungeon |   6232 |   6015 |    217 |   1053 |   3369 |   6 | 1038.7 |
         Sewer |    411 |    411 |      0 |      0 |     62 |   1 |  411.0 |
               +--------+--------+--------+--------+--------+-----+--------+

Top non-repeatable levels by time:
     D:4: 1782 daAuts
     D:5: 1389 daAuts
     D:3: 1090 daAuts
     D:1: 791 daAuts
     D:2: 710 daAuts
     D:6: 467 daAuts
   Sewer: 411 daAuts
